 Dungeon Crawl Stone Soup version 0.26-a0-672-g1df16c3386 (webtiles) character file.

Game seed: 1419613313742746532

4265 robertstho the Frost Mage (level 10, -2/74 HPs)
             Began as a Gnoll Ice Elementalist on Oct 19, 2020.
             Was a Believer of Sif Muna.
             Slain by an orc knight
             ... wielding a +0 trident
              (13 damage)
             ... in a bailey.
             The game lasted 00:19:21 (7195 turns).

robertstho the Frost Mage (Gnoll Ice Elementalist)  Turns: 7195, Time: 00:19:22

Health: -2/74      AC: 12    Str: 11    XL:     10   Next: 31%
Magic:  9/20       EV: 17    Int: 20    God:    Sif Muna [**....]
Gold:   389        SH:  0    Dex: 16    Spells: 8/23 levels left

rFire    . . .     SeeInvis .   w - +4 quarterstaff (chaos)
rCold    . . .     Faith    .   (shield currently unavailable)
rNeg     . . .     Spirit   .   a - +0 robe
rPois    .         Reflect  .   (no helmet)
rElec    .         Harm     .   x - +1 cloak {rCorr}
rCorr    +         Rampage  .   d - +1 pair of gloves
MR       .....                  q - +0 pair of boots
Stlth    +++.......             (no amulet)
HPRegen  0.22/turn              g - +4 ring of protection
MPRegen  0.17/turn              (no ring)

@: frozen ramparts, very slightly contaminated
A: distributed training, fangs 1, strong nose
a: Channel Magic, Renounce Religion


You were in a bailey.
You worshipped Sif Muna.
Sif Muna was pleased with you.
You visited 2 branches of the dungeon, and saw 8 of its levels.
You also visited: Bailey.

You collected 389 gold pieces.

Inventory:

Hand Weapons
 m - a +0 whip of draining
 s - a +1 fustibalus of freezing
 w - a +4 quarterstaff of chaos (weapon)
Missiles
 f - 48 poisoned darts (quivered)
 y - 94 stones
 z - 33 sling bullets
Armour
 a - a +0 robe (worn)
 d - a +1 pair of gloves (worn)
 q - a +0 pair of boots (worn)
 x - a +1 cloak of preservation (worn)
Jewellery
 g - a +4 ring of protection (left hand)
Wands
 l - a wand of random effects (19)
Scrolls
 b - a scroll of fog {unknown}
 c - a scroll of enchant weapon
 e - a scroll of identify
 h - a scroll of amnesia
 i - 6 scrolls of enchant armour
 k - 3 scrolls of magic mapping
 n - 5 scrolls of remove curse {unknown}
 p - 2 scrolls of fear {unknown}
 u - 2 scrolls of noise {unknown}
 A - a scroll of random uselessness {unknown}
 D - a scroll of teleportation {unknown}
 H - a scroll of blinking {unknown}
 J - a scroll of acquirement {unknown}
Potions
 j - 2 potions of ambrosia
 o - 3 potions of haste
 r - a potion of magic
 t - a potion of mutation
 v - 6 potions of curing
 B - a potion of flight
 C - a potion of might {unknown}
 E - a potion of lignification {unknown}
 F - a potion of berserk rage {unknown}
 G - 5 potions of heal wounds
 I - 3 potions of invisibility


   Skills:
 + Level 5.1 Fighting
 + Level 5.1 Short Blades
 + Level 5.1 Long Blades
 + Level 5.1 Axes
 + Level 5.1 Maces & Flails
 + Level 5.1 Polearms
 + Level 5.1 Staves
 + Level 5.1 Slings
 + Level 5.1 Bows
 + Level 5.1 Crossbows
 + Level 5.1 Throwing
 + Level 5.1 Armour
 + Level 7.0 Dodging
 + Level 6.7 Stealth
 + Level 5.1 Shields
 + Level 5.1 Unarmed Combat
 + Level 7.3 Spellcasting
 + Level 4.2 Conjurations
 + Level 4.2 Hexes
 + Level 4.2 Summonings
 + Level 4.2 Necromancy
 + Level 4.2 Translocations
 + Level 4.2 Transmutations
 + Level 4.2 Fire Magic
 + Level 8.4 Ice Magic
 + Level 4.2 Air Magic
 + Level 4.2 Earth Magic
 + Level 4.2 Poison Magic
 + Level 5.6 Invocations
 + Level 5.1 Evocations


You had 8 spell levels left.
You knew the following spells:

 Your Spells              Type           Power        Failure   Level
a - Freeze                Ice            ####         1%          1
b - Frozen Ramparts       Ice            #####.       1%          3
c - Ozocubu's Armour      Ice            #####...     1%          3
d - Hailstorm             Conj/Ice       ####....     7%          4
e - Summon Ice Beast      Ice/Summ       ####....     7%          4

Your spell library contained the following spells:

 Spells                   Type           Power        Failure   Level


Dungeon Overview and Level Annotations

Branches:
Dungeon (7/15)             Temple (1/1) D:5          Bailey (1/1)

Altars:
Ashenzari
Cheibriados
Elyvilon
Makhleb
Sif Muna
Uskayaw
Wu Jian


Innate Abilities, Weirdness & Mutations

Your experience applies equally to all skills.
You have very sharp teeth.
Your uncanny sense of smell can sniff out nearby items.


Message History

Your ice beast barely misses the orc knight.
The wall freezes the orc knight.
The wall freezes the orc knight!
There is an open door here.
Things that are here:
a +0 halberd; a +0 scale mail; a +0 trident Unknown command.
Casting: Frozen Ramparts (safe; 1% risk of failure)
Confirm with . or Enter, or press ? or * to list all spells.
You miscast Summon Ice Beast.
You are very lightly contaminated with residual magic.
Desperate hands claw out at you.
A nameless horror comes into view.
The wall freezes the orc knight.
Your ice beast hits the orc knight but does no damage.
The wall freezes the orc knight.
The wall freezes the orc knight.
The orc knight hits your ice beast with a +0 halberd!!
Your ice beast hits the orc knight but does no damage.
The orc knight hits you from afar with a +0 trident!
You die...

####### ############
####.....## ##...)....∩.##
..#.......######..).).......#
..'......o#...)#X.).).......#
..'..o...YY..oo)@).))......∩#
.))......Y#....#..).).......#
..#.......######...)....)...#
####.....## ##...).)..∩.##
####### ############


You could see 3 orc knights, a nameless horror and 3 friendly ice beasts.

Vanquished Creatures
  Pikel (D:5)
  2 orc knights (Bailey)
  Grinder (D:6)
  Eustachio (D:6)
  Menkaure (D:6)
  A water moccasin (D:6)
  6 orc warriors
  2 sky beasts
  2 ogres
  2 lemures (D:5)
  3 bullfrogs
  A howler monkey (D:4)
  A wight (D:7)
  Crazy Yiuf (D:3)
  7 hounds
  3 orc wizards
  2 orc priests (D:6)
  3 bullfrog skeletons
  4 worker ants
  A hound skeleton (D:4)
  7 adders
  4 gnolls (D:4)
  A white imp (D:5)
  2 oozes
  An ufetubus (D:6)
  An adder skeleton (D:4)
  5 worms
  2 dart slugs (D:1)
  3 leopard geckos
  30 orcs
  2 ball pythons
  6 giant cockroaches
  8 hobgoblins
  9 jackals
  3 quokkas
  5 bats
  9 frilled lizards
  13 goblins
  4 kobolds
  4 rats
164 creatures vanquished.

Vanquished Creatures (collateral kills)
  5 orc warriors (Bailey)
  A wight (D:7)
  4 orcs
10 creatures vanquished.

Grand Total: 174 creatures vanquished

Notes
Turn   | Place    | Note
-------+----------+-------------------------------------------
     0 | D:1      | robertstho the Gnoll Ice Elementalist began the quest for
                  | the Orb.
     0 | D:1      | Reached XP level 1. HP: 13/13 MP: 6/6
    43 | D:1      | Reached XP level 2. HP: 16/20 MP: 0/7
   499 | D:1      | Reached XP level 3. HP: 25/25 MP: 9/9
   631 | D:1      | Reached skill level 5 in Spellcasting
   901 | D:2      | Reached skill level 1 in Invocations
  1081 | D:1      | Learned a level 3 spell: Frozen Ramparts
  1085 | D:1      | Learned a level 3 spell: Ozocubu's Armour
  1222 | D:2      | Reached skill level 1 in Fighting
  1222 | D:2      | Reached skill level 1 in Short Blades
  1222 | D:2      | Reached skill level 1 in Long Blades
  1222 | D:2      | Reached skill level 1 in Axes
  1222 | D:2      | Reached skill level 1 in Maces & Flails
  1222 | D:2      | Reached skill level 1 in Polearms
  1222 | D:2      | Reached skill level 1 in Staves
  1222 | D:2      | Reached skill level 1 in Slings
  1222 | D:2      | Reached skill level 1 in Bows
  1222 | D:2      | Reached skill level 1 in Crossbows
  1222 | D:2      | Reached skill level 1 in Throwing
  1222 | D:2      | Reached skill level 1 in Armour
  1222 | D:2      | Reached skill level 1 in Shields
  1222 | D:2      | Reached skill level 1 in Unarmed Combat
  1222 | D:2      | Reached skill level 1 in Evocations
  1275 | D:2      | Reached XP level 4. HP: 32/32 MP: 7/11
  1316 | D:2      | Found a faded altar of an unknown god.
  1477 | D:1      | Learned a level 4 spell: Hailstorm
  1553 | D:3      | Reached skill level 1 in Conjurations
  1553 | D:3      | Reached skill level 1 in Hexes
  1553 | D:3      | Reached skill level 1 in Summonings
  1553 | D:3      | Reached skill level 1 in Necromancy
  1553 | D:3      | Reached skill level 1 in Translocations
  1553 | D:3      | Reached skill level 1 in Transmutations
  1553 | D:3      | Reached skill level 1 in Fire Magic
  1553 | D:3      | Reached skill level 1 in Air Magic
  1553 | D:3      | Reached skill level 1 in Earth Magic
  1553 | D:3      | Reached skill level 1 in Poison Magic
  1677 | D:3      | Reached XP level 5. HP: 26/37 MP: 7/12
  2060 | D:3      | Found a burning altar of Makhleb.
  2174 | D:3      | Found a runed translucent door.
  2175 | D:3      | Noticed Crazy Yiuf
  2264 | D:3      | Found a white marble altar of Elyvilon.
  2556 | D:3      | Killed Crazy Yiuf
  2859 | D:4      | Noticed a sky beast
  2869 | D:4      | Killed a sky beast
  2869 | D:4      | Reached skill level 5 in Dodging
  2869 | D:4      | Reached XP level 6. HP: 44/44 MP: 10/14
  3100 | D:4      | Reached XP level 7. HP: 27/50 MP: 15/15
  4003 | D:5      | Entered Level 5 of the Dungeon
  4123 | D:5      | Found a staircase to the Ecumenical Temple.
  4198 | Temple   | Entered the Ecumenical Temple
  4204 | Temple   | Became a worshipper of Sif Muna the Loreminder
  4258 | D:5      | Reached skill level 5 in Stealth
  4368 | D:5      | Noticed Pikel
  4382 | D:5      | Killed Pikel
  4382 | D:5      | Reached XP level 8. HP: 58/58 MP: 13/17
  4735 | D:6      | Noticed Eustachio
  4750 | D:6      | Killed Eustachio
  5017 | D:6      | Noticed Menkaure
  5024 | D:6      | Killed Menkaure
  5116 | D:6      | Reached XP level 9. HP: 42/65 MP: 12/18
  5250 | D:6      | Noticed Grinder
  5264 | D:6      | Paralysed by Grinder for 2 turns
  5273 | D:6      | Killed Grinder
  5286 | D:6      | Learned a level 4 spell: Summon Ice Beast
  6192 | D:7      | Reached * piety under Sif Muna
  6192 | D:7      | Reached skill level 8 in Ice Magic
  6350 | D:7      | Found a flagged portal.
  6360 | Bailey   | Entered a bailey
  6603 | Bailey   | Reached ** piety under Sif Muna
  6610 | Bailey   | Reached skill level 5 in Invocations
  6799 | Bailey   | Noticed an orc knight
  6808 | Bailey   | Reached XP level 10. HP: 73/73 MP: 11/20
  6822 | Bailey   | Killed an orc knight
  6822 | Bailey   | Reached skill level 5 in Fighting
  6822 | Bailey   | Reached skill level 5 in Short Blades
  6822 | Bailey   | Reached skill level 5 in Long Blades
  6822 | Bailey   | Reached skill level 5 in Axes
  6822 | Bailey   | Reached skill level 5 in Maces & Flails
  6822 | Bailey   | Reached skill level 5 in Polearms
  6822 | Bailey   | Reached skill level 5 in Staves
  6822 | Bailey   | Reached skill level 5 in Slings
  6822 | Bailey   | Reached skill level 5 in Bows
  6822 | Bailey   | Reached skill level 5 in Crossbows
  6822 | Bailey   | Reached skill level 5 in Throwing
  6822 | Bailey   | Reached skill level 5 in Armour
  6822 | Bailey   | Reached skill level 5 in Shields
  6822 | Bailey   | Reached skill level 5 in Unarmed Combat
  6822 | Bailey   | Reached skill level 5 in Evocations
  7147 | Bailey   | Noticed an orc knight
  7147 | Bailey   | Noticed an orc knight
  7153 | Bailey   | Noticed an orc knight
  7154 | Bailey   | Noticed an orc knight
  7173 | Bailey   | Killed an orc knight
  7195 | Bailey   | Slain by an orc knight

Illustrated notes

Levels and vault maps discovered:
D:1:      lordsloth_arrival_two_stooges, layout_loops_ring
D:2:      layout_rooms, chequers_ecumenical_altar_island
D:3:      layout_rooms, old_standard_altar, st_stairs_14,
          makhleb_blood_cavern_becter, uniq_crazy_yiuf_cottage
D:4:      layout_basic, hangedman_decor_points, kennysheep_boxes
D:5:      layout_loops_cross, minmay_temple_entry_tees, uniq_pikel
D:6:      layout_loops_corners, uniq_grinder, uniq_eustachio, uniq_menkaure
D:7:      lemuel_upstairs_altar, layout_layer_cave, gammafunk_ghost_necromancy,
          enter_bailey_3
Temple:   nicolae_temple_the_god_donut
Bailey:   bailey_polearm_5, bailey

Skill      XL: |  1  2  3  4  5  6  7  8  9 10 |
---------------+-------------------------------+-----
Spellcasting   | 5 6 7 |  7.3
Invocations    | 1 2 3 4 5 |  5.6
Fighting       | 1 2 3 4 5 |  5.1
Short Blades   | 1 2 3 4 5 |  5.1
Long Blades    | 1 2 3 4 5 |  5.1
Axes           | 1 2 3 4 5 |  5.1
Maces & Flails | 1 2 3 4 5 |  5.1
Polearms       | 1 2 3 4 5 |  5.1
Staves         | 1 2 3 4 5 |  5.1
Slings         | 1 2 3 4 5 |  5.1
Bows           | 1 2 3 4 5 |  5.1
Crossbows      | 1 2 3 4 5 |  5.1
Throwing       | 1 2 3 4 5 |  5.1
Armour         | 1 2 3 4 5 |  5.1
Shields        | 1 2 3 4 5 |  5.1
Unarmed Combat | 1 2 3 4 5 |  5.1
Evocations     | 1 2 3 4 5 |  5.1
Conjurations   | 1 2 3 4 |  4.2
Hexes          | 1 2 3 4 |  4.2
Summonings     | 1 2 3 4 |  4.2
Necromancy     | 1 2 3 4 |  4.2
Translocations | 1 2 3 4 |  4.2
Transmutations | 1 2 3 4 |  4.2
Fire Magic     | 1 2 3 4 |  4.2
Air Magic      | 1 2 3 4 |  4.2
Earth Magic    | 1 2 3 4 |  4.2
Poison Magic   | 1 2 3 4 |  4.2
Dodging        | 5 6 7 |  7.0
Stealth        | 5 6 |  6.7
Ice Magic      | 8 |  8.4

Action                   |  1- 3 |  4- 6 |  7- 9 | 10-12 || total
-------------------------+-------+-------+-------+-------++-------
Melee: Unarmed           |    20 |       |       |       ||    20
       Bite              |     5 |     5 |       |       ||    10
       Dagger            |    13 |       |       |       ||    13
       Whip              |     7 |    38 |       |       ||    45
       Quarterstaff      |       |       |     5 |       ||     5
 Fire: Fustibalus        |       |    29 |   100 |       ||   129
 Cast: Freeze            |    34 |     2 |    11 |       ||    47
       Frozen Ramparts   |     2 |    21 |    29 |     4 ||    56
       Summon Ice Beast  |       |       |    16 |    13 ||    29
       Hailstorm         |       |       |     4 |     2 ||     6
Invok: Channel Magic     |       |       |     1 |     2 ||     3
  Use: Scroll            |       |       |     9 |       ||     9
 Stab: Sleeping          |     3 |     4 |       |       ||     7
Armor: Robe              |    13 |    13 |    30 |       ||    56
Dodge: Dodged            |    47 |    41 |    93 |     2 ||   183

Table legend: (Time is in decaauts)
 A = Elapsed time spent in this place.
 B = Non-inter-level travel time spent in this place.
 C = Inter-level travel time spent in this place.
 D = Time resting spent in this place.
 E = Time spent auto-exploring this place.
 F = Levels seen in this place.
 G = Mean time per level.
                   A        B        C        D        E       F      G
               +--------+--------+--------+--------+--------+-----+--------+
         Total |   7237 |   6716 |    521 |    578 |   4688 |   9 |  804.1 |
       Dungeon |   6389 |   5875 |    514 |    209 |   4423 |   7 |  912.7 |
        Temple |     12 |      6 |      6 |      0 |      0 |   1 |   12.0 |
        Bailey |    834 |    834 |      0 |    369 |    265 |   1 |  834.0 |
               +--------+--------+--------+--------+--------+-----+--------+

Top non-repeatable levels by time:
     D:3: 1367 daAuts
     D:6: 1356 daAuts
     D:4: 1011 daAuts
     D:1: 920 daAuts
  Bailey: 834 daAuts
     D:2: 720 daAuts
     D:5: 696 daAuts
     D:7: 317 daAuts
  Temple: 12 daAuts
